 Dungeon Crawl Stone Soup version 0.29-a0-23-ga79f92ac9c (webtiles) character file.

Game seed: 6551807363015039947

79823 funkygono the Eclecticist (level 15, -9/81 HPs)
             Began as a Gargoyle Fire Elementalist on Jan 29, 2022.
             Was a High Priest of Vehumet.
             Killed by Lee's Rapid Deconstruction
             ... invoked by Jorgrun
              (37 damage)
             ... on level 1 of the Orcish Mines on Jan 30, 2022.
             The game lasted 01:42:43 (29425 turns).

funkygono the Eclecticist (GrFE)                   Turns: 29425, Time: 01:42:44

Health: -9/81      AC: 31    Str: 13    XL:     15   Next: 64%
Magic:  33/34      EV: 10    Int: 22    God:    Vehumet [*****.]
Gold:   2050       SH:  7    Dex: 10    Spells: 17/44 levels left

rFire   + . .      SeeInvis .   l - +5 flail (protect)
rCold   x . .      Faith    .   W - +3 warlock's mirror {reflect}
rNeg    + . .      Spirit   .   O - +1 steam dragon scales
rPois   ∞          Reflect  +   r - +2 hat
rElec   +          Harm     .   m - +2 cloak
rCorr   .          Rampage  .   j - +1 pair of gloves
Will    +....                   S - +2 pair of boots {Stlth+}
Stlth   +++.......              p - amulet of regeneration
HPRegen 1.03/turn               w - +4 ring of protection
MPRegen 0.24/turn               G - ring of fire

@: grasped by roots, flying, constricted
A: sickness immunity, AC +11, big wings, negative energy resistance 1,
electricity resistance, torment resistance 1, petrification resistance
a: Renounce Religion


You were on level 1 of the Orcish Mines.
You worshipped Vehumet.
Vehumet was extremely pleased with you.
You visited 4 branches of the dungeon, and saw 21 of its levels.
You also visited: Ossuary, Gauntlet and Ice Cave.

You collected 2050 gold pieces.

Inventory:

Hand Weapons
 l - a +5 flail of protection (weapon)
 q - a +5 mace
 x - the +10 lajatang of Dask {protect, rF+ rN++}
   (You found it in an ice cave)

   It grants its wielder temporary protection when it strikes (+7 to AC).
   rF:        It protects you from fire.
   rN:        It greatly protects you from negative energy.
Armour
 j - a +1 pair of gloves (worn)
 m - a +2 cloak (worn)
 r - a +2 hat (worn)
 O - +1 steam dragon scales (worn)
 S - a +2 pair of boots of stealth (worn)
 W - the +3 warlock's mirror (worn) {reflect}
   (You acquired it on level 12 of the Dungeon)

   It can block and reflect piercing ranged attacks and magical attacks against
   the wielder's willpower.
Jewellery
 e - a ring of positive energy
 p - an amulet of regeneration (around neck)
 v - a ring of willpower
 w - a +4 ring of protection (left hand)
 E - a +4 ring of evasion
 G - a ring of fire (right hand)
 H - a ring of positive energy
Wands
 a - a wand of paralysis (14)
 h - a wand of acid (5)
 n - a wand of iceblast (10)
 R - a wand of mindburst (7)
 X - a wand of flame (58)
Scrolls
 u - 7 scrolls of teleportation
 B - 11 scrolls of identify
 D - a scroll of magic mapping
 F - 6 scrolls of blinking
 K - 2 scrolls of amnesia
 U - 2 scrolls of fog
Potions
 g - 3 potions of magic
 i - 3 potions of haste
 s - 8 potions of curing
 t - 3 potions of cancellation
 z - 2 potions of heal wounds
 C - a potion of brilliance
 L - a potion of invisibility
 Q - a potion of ambrosia


   Skills:
 + Level 4.9 Fighting
 + Level 6.4 Maces & Flails
 + Level 5.2 Dodging
 - Level 2.1 Stealth
 + Level 3.1 Shields
 + Level 15.0 Spellcasting
 + Level 13.5 Conjurations
 + Level 12.6 Fire Magic
 + Level 4.5 Ice Magic
 + Level 2.8 Air Magic
 + Level 9.6 Earth Magic
 + Level 0.1 Evocations


You had 17 spell levels left.
You knew the following spells:

 Your Spells              Type           Power      Damage    Failure   Level
a - Foxfire               Conj/Fire      100%       2x1d9     0%          1
b - Scorch                Fire           100%       2d10      1%          2
c - Conjure Flame         Conj/Fire      84%        6-21      1%          3
d - Flame Wave            Conj/Fire      84%        2d15      1%          4
e - Starburst             Conj/Fire      42%        6d12      1%          6
f - Stone Arrow           Conj/Erth      100%       3d13      1%          3
g - Frozen Ramparts       Ice            72%        1d9       1%          3
h - Freezing Cloud        Conj/Ice/Air   23%        6-21      2%          5

Your spell library contained the following spells:

 Spells                   Type           Power      Damage    Failure   Level
 Iskenderun's Battlesphe  Conj           66%        2d12      1%          5
 Sandblast                Erth           100%       2d20      1%          1
 Inner Flame              Hex/Fire       60%        N/A       1%          3
 Hailstorm                Conj/Ice       54%        3d12      1%          4
 Iron Shot                Conj/Erth      30%        9d6       1%          6
 Irradiate                Conj/Tmut      23%        3d21      2%          5
 Summon Small Mammal      Summ           64%        N/A       4%          1
 Orb of Destruction       Conj           33%        9d10      4%          7
 Animate Armour           Summ/Erth      74%        N/A       7%          4
 Leda's Liquefaction      Hex/Erth       18%        N/A       7%          4
 Call Canine Familiar     Summ           16%        N/A       14%         3
 Confusing Touch          Hex            16%        N/A       14%         3
 Portal Projectile        Hex/Tloc       32%        N/A       14%         3
 Summon Guardian Golem    Hex/Summ       16%        N/A       14%         3
 Summon Ice Beast         Ice/Summ       26%        N/A       19%         4
 Yara's Violent Unravell  Hex/Tmut       8%         3d5       32%         5
 Cause Fear               Hex            8%         N/A       43%         4
 Metabolic Englaciation   Hex/Ice        13%        N/A       45%         5
 Spellforged Servitor     Conj/Summ      23%        N/A       50%         7
 Blade Hands              Tmut           8%         N/A       78%         5
 Summon Forest            Summ/Tloc      8%         N/A       78%         5
 Summon Mana Viper        Hex/Summ       16%        N/A       78%         5
 Summon Cactus Giant      Summ           8%         N/A       100%        6
 Dragon Form              Tmut           8%         N/A       100%        7
 Enfeeble                 Hex            8%         N/A       100%        7
 Infestation              Necr           8%         N/A       100%        8
 Necromutation            Tmut/Necr      8%         N/A       100%        8
 Dragon's Call            Summ           8%         N/A       100%        9


Dungeon Overview and Level Annotations

Branches:
Dungeon (12/15)            Temple (1/1) D:5            Lair (6/6) D:8
  Swamp (0/4) Lair:2        Snake (0/4) Lair:4        Slime (0/5) Lair:6
    Orc (2/2) D:11            Elf (0/3) Orc:2       Ossuary (visited)
  IceCv (visited)         Gauntlet (visited)

Altars:
Ashenzari
Cheibriados
Dithmenos
Elyvilon
Fedhas
Gozag
Hepliaklqana
Kikubaaqudgha
Makhleb
Nemelex Xobeh
Okawaru
Qazlal
Ru
Sif Muna
Trog
Uskayaw
Vehumet
Wu Jian
Xom
Yredelemnul
Zin
The Shining One
Beogh
Jiyva

Shops:
Orc:1 [   Orc:2 ?*=[

Annotations:
Orc:1 Jorgrun


Innate Abilities, Weirdness & Mutations

You are immune to sickness and miasma.
Your stone body is resilient. (AC +11)
You are immune to poison.
Your large and strong wings let you fly.
You resist negative energy. (rN+)
You are resistant to electric shocks. (rElec)
You are resistant to unholy torment.
You are immune to petrification.


Message History

The grasping roots grab you! The grasping roots constrict you.
Found Ohyniap's Antique Armour Shop.
There is a stone staircase leading down here.
Casting: Foxfire (safe; 0% risk of failure)
Confirm with . or Enter, or press ? or * to list all spells.
You don't know that spell.
Okay, then.
Casting: Foxfire (safe; 0% risk of failure)
Confirm with . or Enter, or press ? or * to list all spells.
You feel a surge of power!
You conjure some foxfire!
The orc shouts!
You hear a shout!
Jorgrun points at you and mumbles some strange words.
Your +3 warlock's mirror {reflect} reflects the Petrify!
Jorgrun resists with almost no effort.
The grasping roots constrict you!
Casting: Foxfire (safe; 0% risk of failure)
Confirm with . or Enter, or press ? or * to list all spells.
You feel a surge of power!
You conjure some foxfire!
The foxfire hits the orc.
The orc is severely wounded.
The foxfire hits the orc sorcerer.
The orc sorcerer completely resists.
The orc priest looks braver for a moment.
The grasping roots constrict you!
An orc warrior comes into view. It is wielding a +2 mace of protection.
Casting: Foxfire (safe; 0% risk of failure)
Confirm with . or Enter, or press ? or * to list all spells.
You feel a surge of power!
You conjure some foxfire!
The foxfire hits the orc sorcerer but does no damage.
The foxfire hits the orc.
The orc is almost dead.
The grasping roots constrict you!
The roots' grasp on you weakens, but your attempt to escape fails.
The foxfire hits the orc.
You kill the orc!
Vehumet accepts your kill.
You feel your power returning.
The foxfire hits the orc sorcerer but does no damage.
An orc wizard comes into view. It is wielding a +0 dagger.
Jorgrun points at you and mumbles some strange words.
You shatter!!!
You die...

.## ####....
... ......# #
.... ......#.#
...g. .........
.#.#.##o..o....
#.......§......
.......§§..#
......§@...#
....)§§§.......
...............
..o...........#
o.##.#.....#.#∩
. ##....##. ..
..... #. .
#..#.# ##


You could see Jorgrun, an orc sorcerer, an orc warrior, an orc priest and an orc
wizard (wandering).

Vanquished Creatures
  Rupert (Lair:3)
  Gastronok (Orc:1)
  A minotaur (Gauntlet)
  A fire dragon (Lair:6)
  Erolcha (D:12)
  Fannar (Lair:3)
  A boulder beetle (Lair:2)
  Harold (Lair:1)
  8 hydras
  2 ironbound frosthearts (IceCv)
  4 ogre magi (Orc:2)
  13 two-headed ogres
  3 death scarabs (Gauntlet)
  8 death yaks (IceCv)
  Urug (D:11)
  The ghost of Ibis19 the Skirmisher, a novice MiBe of Trog (D:6)
  2 spectral death yaks (Gauntlet)
  A bog body (Lair:2)
  A lindwurm (Lair:6)
  Pikel (D:4)
  A deep elf pyromancer (D:12)
  A cyclops (Orc:2)
  7 black mambas
  12 elephants
  An ice statue (IceCv)
  A guardian serpent (Lair:4)
  2 molten gargoyles (Lair:6)
  A gargoyle (D:11)
  10 cane toads
  5 rime drakes
  15 komodo dragons
  A kobold demonologist (D:11)
  8 polar bears
  7 trolls
  2 hornets
  4 slime creatures (D:12)
  A spectral lindwurm (Gauntlet)
  A spectral dream sheep (Gauntlet)
  21 blink frogs
  5 dream sheep (Lair:4)
  A spectral black mamba (Gauntlet)
  A shadow (D:9)
  5 wyverns
  A vampire (D:11)
  47 yaks
  8 basilisks
  3 steam dragons
  Edmund (D:5)
  Menkaure (Ossuary)
  An acid dragon (D:8)
  A swamp worm (shapeshifter) (Gauntlet)
  17 water moccasins
  3 hell hounds (Lair:6)
  2 sky beasts
  9 orc warriors
  3 black bears
  3 ice beasts (D:6)
  25 ogres
  22 wolves
  8 centaurs
  3 lemures (D:4)
  A phantom (D:6)
  3 kobold brigands
  7 bullfrogs
  4 scorpions
  A gnoll sergeant (D:7)
  A water moccasin zombie (D:6)
  9 wights
  4 killer bees (D:8)
  A howler monkey (D:10)
  2 electric eels (D:9)
  2 centaur zombies
  3 bullfrog zombies
  5 lava snakes (Lair:6)
  4 hounds
  A jelly (D:7)
  10 orc priests
  A centaur skeleton (D:7)
  5 iguanas
  10 orc wizards
  2 killer bee zombies
  A centaur simulacrum (D:6)
  A hound skeleton (D:4)
  3 mummies (Ossuary)
  A howler monkey zombie (D:5)
  A howler monkey skeleton (D:5)
  7 gnolls
  8 adders
  4 white imps (D:6)
  3 worms
  5 dart slugs
  62 orcs
  5 bats
  8 endoplasms
  2 giant cockroaches
  5 gnoll zombies (Ossuary)
  13 hobgoblins
  7 kobolds
  5 quokkas
  3 ball pythons
  3 frilled lizards
  7 gnoll skeletons (Ossuary)
  A goblin (D:4)
  4 goblin skeletons (Ossuary)
  8 goblin zombies (Ossuary)
  3 hobgoblin skeletons (Ossuary)
  7 hobgoblin zombies (Ossuary)
  3 kobold skeletons (Ossuary)
  3 kobold zombies (Ossuary)
  2 orc skeletons (Ossuary)
  9 rats
  6 rat skeletons (Ossuary)
  2 rat zombies (Ossuary)
  A bush (D:9)
  A butterfly (Lair:4)
  A foxfire (Lair:6)
605 creatures vanquished.

Vanquished Creatures (collateral kills)
  28 foxfires
28 creatures vanquished.

Vanquished Creatures (others)
  An orc wizard (D:6)
  A bush (Lair:6)
  1647 foxfires
  80 fungi
  87 plants
1816 creatures vanquished.

Grand Total: 2449 creatures vanquished

Notes
Turn   | Place    | Note
-------+----------+-------------------------------------------
     0 | D:1      | funkygono the Gargoyle Fire Elementalist began the quest
                  | for the Orb.
     0 | D:1      | Reached XP level 1. HP: 10/10 MP: 3/3
    27 | D:1      | Noticed a shining eye
    29 | D:1      | Found a faded altar of an unknown god.
    36 | D:1      | Noticed an eye of devastation
    36 | D:1      | Noticed an eye of devastation
    36 | D:1      | Noticed an eye of devastation
   202 | D:1      | Reached XP level 2. HP: 15/15 MP: 0/5
   205 | D:1      | Learned a level 2 spell: Scorch
   769 | D:1      | Reached XP level 3. HP: 19/19 MP: 1/6
   773 | D:1      | Learned a level 3 spell: Conjure Flame
  1296 | D:2      | Found a shimmering altar of Xom.
  1588 | D:2      | Reached XP level 4. HP: 24/24 MP: 0/7
  2143 | D:2      | Reached skill level 3 in Spellcasting
  2963 | D:3      | Reached XP level 5. HP: 28/28 MP: 7/9
  3142 | D:3      | Learned a level 4 spell: Flame Wave
  3926 | D:4      | Reached XP level 6. HP: 16/32 MP: 1/11
  4323 | D:4      | Noticed Pikel
  4735 | D:4      | Noticed a moth of wrath
  4739 | D:4      | Found a bloodstained altar of Trog.
  4855 | D:4      | Killed Pikel
  4856 | D:4      | Reached skill level 1 in Maces & Flails
  4856 | D:4      | Reached skill level 4 in Spellcasting
  4856 | D:4      | Reached XP level 7. HP: 18/37 MP: 1/14
  5267 | D:5      | Entered Level 5 of the Dungeon
  5524 | D:5      | Reached skill level 5 in Spellcasting
  5524 | D:5      | Reached XP level 8. HP: 35/42 MP: 10/15
  5581 | D:5      | Noticed Edmund
  5597 | D:5      | Killed Edmund
  5994 | D:5      | Found a staircase to the Ecumenical Temple.
  6003 | Temple   | Entered the Ecumenical Temple
  6405 | Temple   | Became a worshipper of Vehumet
  6505 | D:5      | Reached skill level 6 in Spellcasting
  6555 | D:5      | Got the Handbook of the Volcanoes and Attacks
  7080 | D:6      | Reached skill level 1 in Fighting
  7268 | D:6      | Reached XP level 9. HP: 38/47 MP: 8/18
  7395 | D:6      | Reached * piety under Vehumet
  7395 | D:6      | Offered knowledge of Sandblast by Vehumet.
  7499 | D:6      | Identified the +0 robe of the Good {rPois Regen+}
  7623 | D:6      | Learned a level 1 spell: Sandblast
  7636 | D:6      | Identified the +7 broad axe of the Shallot {holy, *Corrode
                  | Str+9}
  7667 | D:6      | Reached skill level 7 in Spellcasting
  7716 | D:6      | Found a runed translucent gate.
  7716 | D:6      | Found a runed translucent gate.
  7716 | D:6      | Found a runed translucent gate.
  7761 | D:6      | Reached skill level 1 in Earth Magic
  7852 | D:6      | Noticed Ibis19's ghost (novice MiBe)
  8088 | D:6      | Killed Ibis19's ghost
  8089 | D:6      | Reached skill level 5 in Conjurations
  8453 | D:7      | Noticed a komodo dragon
  8459 | D:7      | Reached skill level 8 in Spellcasting
  8459 | D:7      | Reached XP level 10. HP: 52/52 MP: 22/22
  9125 | D:7      | Paralysed by a gnoll sergeant for 4 turns
  9642 | D:8      | Found a sand-covered staircase.
  9653 | Ossuary  | Entered an ossuary
  9657 | Ossuary  | Reached ** piety under Vehumet
  9678 | Ossuary  | Offered knowledge of Poisonous Vapours by Vehumet.
  9958 | Ossuary  | Offered knowledge of Stone Arrow by Vehumet.
  9964 | Ossuary  | Learned a level 3 spell: Stone Arrow
 10192 | Ossuary  | Reached *** piety under Vehumet
 10250 | Ossuary  | Noticed Menkaure
 10257 | Ossuary  | Killed Menkaure
 10675 | D:8      | Noticed a two-headed ogre
 10683 | D:8      | Killed a two-headed ogre
 10684 | D:8      | Reached skill level 9 in Spellcasting
 10866 | D:8      | Offered knowledge of Frozen Ramparts by Vehumet.
 10922 | D:8      | Found a staircase to the Lair.
 11130 | D:8      | Learned a level 3 spell: Frozen Ramparts
 12067 | D:9      | Reached XP level 11. HP: 41/56 MP: 16/24
 12362 | D:10     | Entered Level 10 of the Dungeon
 12370 | D:10     | Reached **** piety under Vehumet
 12651 | D:10     | Offered knowledge of Mephitic Cloud by Vehumet.
 13105 | D:10     | Reached skill level 10 in Fire Magic
 13207 | D:11     | Noticed Urug
 13217 | D:11     | Killed Urug
 13218 | D:11     | Reached skill level 10 in Spellcasting
 13218 | D:11     | Reached skill level 5 in Earth Magic
 13684 | D:11     | Found a staircase to the Orcish Mines.
 13732 | D:11     | Identified the +8 falchion "Laim" {venom, rElec rPois rF+
                  | SInv}
 13989 | D:11     | Noticed a two-headed ogre
 14006 | D:11     | Killed a two-headed ogre
 14705 | D:12     | Noticed a deep elf pyromancer
 14718 | D:12     | Killed a deep elf pyromancer
 14764 | D:12     | Found a gate leading to a gauntlet.
 14811 | Gauntlet | Entered a Gauntlet
 14811 | Gauntlet | Noticed a fire crab
 14811 | Gauntlet | Found a transporter.
 14811 | Gauntlet | Found a transporter.
 14811 | Gauntlet | Found a transporter.
 14812 | Gauntlet | Found a runed translucent door.
 14812 | Gauntlet | Noticed a death scarab
 14829 | Gauntlet | Found a transporter.
 14830 | Gauntlet | Found a transporter.
 14837 | Gauntlet | Found a transporter.
 14837 | Gauntlet | Noticed a harpy
 14840 | Gauntlet | Found a transporter.
 14842 | Gauntlet | Noticed a spectral death yak
 14846 | Gauntlet | Noticed a death scarab
 14848 | Gauntlet | Noticed a death scarab
 14851 | Gauntlet | Found a transporter.
 14851 | Gauntlet | Noticed a spectral death yak
 14868 | Gauntlet | Found a transporter.
 14874 | Gauntlet | Noticed a quicksilver ooze
 14899 | Gauntlet | Found a transporter.
 14902 | Gauntlet | Found a transporter.
 14909 | Gauntlet | Noticed a harpy
 14909 | Gauntlet | a raiju changed into a harpy
 14912 | Gauntlet | Found a transporter.
 14912 | Gauntlet | Noticed a fire crab
 14912 | Gauntlet | a harpy changed into a fire crab
 14916 | Gauntlet | a fire crab changed into a meliai
 14950 | Gauntlet | Noticed a moth of wrath
 14950 | Gauntlet | a yaktaur changed into a moth of wrath
 14985 | Gauntlet | Noticed an orb spider
 14985 | Gauntlet | a moth of wrath changed into an orb spider
 15132 | Gauntlet | Noticed a sea snake
 15132 | Gauntlet | a water nymph changed into a sea snake
 15169 | Gauntlet | Noticed a lindwurm
 15170 | Gauntlet | a lindwurm changed into a komodo dragon
 15244 | Gauntlet | Killed a death scarab
 15261 | Gauntlet | Noticed a glowing orange brain
 15263 | Gauntlet | Noticed a manticore
 15263 | Gauntlet | a glowing orange brain changed into a manticore
 15288 | Gauntlet | a manticore changed into a swamp worm
 15348 | Gauntlet | Identified the +2 pair of gloves of Anarchy {+Inv MP-9
                  | Dex+6}
 15358 | Gauntlet | Killed a death scarab
 15359 | Gauntlet | Reached XP level 12. HP: 59/62 MP: 16/26
 15389 | Gauntlet | Killed a death scarab
 15390 | Gauntlet | Reached skill level 1 in Ice Magic
 15396 | Gauntlet | Reached skill level 11 in Spellcasting
 15475 | Gauntlet | Identified the ring "Fetuk" {rN+ Str+4 Int+3}
 15475 | Gauntlet | Noticed a minotaur
 15493 | Gauntlet | Killed a minotaur
 15841 | D:12     | Noticed Erolcha
 15866 | D:12     | Killed Erolcha
 15874 | D:12     | Noticed a four-headed hydra
 15880 | D:12     | Killed a four-headed hydra
 16320 | D:12     | Noticed a six-headed hydra
 16330 | D:12     | Killed a six-headed hydra
 16331 | D:12     | Reached skill level 10 in Conjurations
 16398 | D:12     | Found a basalt altar of Yredelemnul.
 16689 | D:12     | Identified a scroll of acquirement
 16689 | D:12     | Acquired the +3 warlock's mirror {reflect}
 16689 | D:12     | Found the +3 warlock's mirror {reflect}
 16875 | Lair:1   | Entered Level 1 of the Lair of Beasts
 16913 | Lair:1   | Reached ***** piety under Vehumet
 17032 | Lair:1   | Offered knowledge of Freezing Cloud by Vehumet.
 17039 | Lair:1   | Learned a level 5 spell: Freezing Cloud
 17050 | Lair:1   | Noticed Harold
 17065 | Lair:1   | Killed Harold
 17511 | Lair:1   | Noticed a six-headed hydra
 17522 | Lair:1   | Killed a six-headed hydra
 17624 | Lair:1   | Reached skill level 12 in Spellcasting
 17759 | Lair:1   | Noticed a six-headed hydra
 17770 | Lair:1   | Killed a six-headed hydra
 17771 | Lair:1   | Reached XP level 13. HP: 68/68 MP: 15/29
 19189 | Lair:2   | Identified the +2 robe "Zaalal" {rElec Str+2 Dex-3}
 19411 | Lair:2   | Upgraded the game from 0.29-a0-22-gbf593b16ee to
                  | 0.29-a0-23-ga79f92ac9c
 19412 | Lair:2   | Found a staircase to the Swamp.
 20059 | Lair:3   | Noticed Fannar
 20071 | Lair:3   | Killed Fannar
 20430 | Lair:3   | Identified the ring of Elitism {rPois Int+3}
 20432 | Lair:3   | Noticed Rupert
 20445 | Lair:3   | Killed Rupert
 20446 | Lair:3   | Reached skill level 5 in Maces & Flails
 21457 | Lair:4   | Found a staircase to the Snake Pit.
 21575 | Lair:4   | Reached skill level 13 in Spellcasting
 22311 | Lair:5   | Gained mutation: Your large and strong wings let you fly.
                  | [Gargoyle growth]
 22311 | Lair:5   | Reached XP level 14. HP: 75/75 MP: 18/31
 22327 | Lair:5   | Reached skill level 1 in Shields
 22454 | Lair:5   | Reached skill level 1 in Air Magic
 22501 | Lair:5   | Found a frozen archway.
 22510 | IceCv    | Entered an ice cave
 23545 | IceCv    | Offered knowledge of Starburst by Vehumet.
 23935 | IceCv    | Got Ynoqung's Reference Book on Black Magic
 23945 | IceCv    | Learned a level 6 spell: Starburst
 23946 | IceCv    | Got Kuoracui's Guide on the Glacier
 23951 | IceCv    | Identified the +10 lajatang of Dask {protect, rF+ rN++}
 24356 | Lair:5   | Reached skill level 14 in Spellcasting
 25282 | Lair:6   | Entered Level 6 of the Lair of Beasts
 25312 | Lair:6   | Reached skill level 5 in Dodging
 26171 | Lair:6   | Reached XP level 15. HP: 80/80 MP: 21/33
 26266 | Lair:6   | Found a staircase to the Slime Pits.
 26266 | Lair:6   | Found a viscous altar of Jiyva.
 27024 | Lair:6   | Found a large runed translucent door.
 27024 | Lair:6   | Found a large runed translucent door.
 27204 | Lair:6   | Offered knowledge of Iskenderun's Battlesphere by Vehumet.
 27863 | Orc:1    | Entered Level 1 of the Orcish Mines
 28007 | Orc:1    | Noticed Gastronok
 28016 | Orc:1    | Killed Gastronok
 28148 | Orc:2    | Entered Level 2 of the Orcish Mines
 28833 | Orc:2    | Reached skill level 15 in Spellcasting
 28933 | Orc:2    | Found a staircase to the Elven Halls.
 29239 | Orc:2    | Found Ufiuzxut's General Store.
 29240 | Orc:2    | Found Paschame's Magic Scroll Boutique.
 29245 | Orc:2    | Found Qiocsu's Armour Shop.
 29245 | Orc:2    | Found Yqyos's Jewellery Emporium.
 29421 | Orc:1    | Noticed Jorgrun
 29421 | Orc:1    | Found Ohyniap's Antique Armour Shop.
 29425 | Orc:1    | Killed from afar by Jorgrun

Illustrated notes

Levels and vault maps discovered:
D:1:      saegor_arrival_simple_e, layout_basic,
          hellmonk_ecumenical_altar_watching_god
D:2:      layout_basic, basic_altar, uniq_crazy_yiuf_cottage
D:3:      layout_loops_cross
D:4:      layout_loops_ring, tgw_trog, uniq_pikel
D:5:      layout_loops_corners, minmay_temple_entry_antechambers, uniq_edmund
D:6:      layout_rooms, gammafunk_ghost_icy, hangedman_minor_gate_pass
D:7:      layout_gridville, minmay_misc_feat_plants
D:8:      layout_gridville, grunt_lair_entry_orc_guard_hut, serial_glass,
          glass_columns_b, glass_columns_c, lightli_ossuary_entry_decrepit_ruins
D:9:      layout_rooms, kb_lookout_dungeons_type, serial_bayou_ford_a,
          grunt_ogre_cave
D:10:     layout_small_grid, nicolae_fountain_basement
D:11:     layout_loops_corners, hiddenorc2_lemuel, grunt_decor_fettered,
          uniq_urug
D:12:     layout_loops_ring, gauntlet_entry_generic, yredelemnul_altar_generic,
          uniq_erolcha
Temple:   mainiacjoe_temple_trianglar_array
Lair:1:   layout_gridlike, grunt_megastairs_5, uniq_harold
Lair:2:   layout_regular_city, skrybe_swamp_entry_bodies, nzn_random_ring
Lair:3:   layout_small_grid, uniq_rupert, uniq_fannar
Lair:4:   layout_loops_ring, minmay_snake_entry_spellcaster, lemuel_fruit_fields
Lair:5:   layout_cellular_growth, portal_ice_cave_rime,
          nicolae_quartered_pool_medium
Lair:6:   cheibrodos_lair_end_hotspot, layout_loops_ring, slime_altar_1,
          st_stairs_8, serial_bayou_shore_b
Orc:1:    layout_caves, serial_shops, shop, uniq_gastronok, uniq_jorgrun
Orc:2:    st_orc_ogre_mass, layout_diamond_mine, lemuel_statue_altar

Skill      XL: |  1  2  3  4  5  6  7  8  9 10 11 12 13 14 15 |
---------------+----------------------------------------------+-----
Fire Magic     | 4 6 7 8 9 10 11 12 | 12.6
Spellcasting   | 3 4 5 6 8 9 10 12 13 14 15 | 15.0
Conjurations   | 2 3 4 5 7 9 10 11 12 13 | 13.5
Dodging        | 2 3 4 5 |  5.2
Maces & Flails | 1 2 4 5 6 |  6.4
Fighting       | 1 2 3 4 |  4.9
Earth Magic    | 2 4 5 7 8 9 |  9.6
Ice Magic      | 1 3 4 |  4.5
Shields        | 2 3 |  3.1
Air Magic      | 2 |  2.8
Stealth        | |  2.1
Evocations     | |  0.1

Action                   |  1- 3 |  4- 6 |  7- 9 | 10-12 | 13-15 || total
-------------------------+-------+-------+-------+-------+-------++-------
Melee: Flail             |       |    28 |    57 |   113 |   212 ||   410
       Punch             |       |     1 |     1 |     3 |       ||     5
       Whip              |       |       |     4 |       |       ||     4
 Cast: Foxfire           |    63 |   111 |    94 |   357 |   347 ||   972
       Scorch            |     9 |    29 |    49 |    40 |    62 ||   189
       Sandblast         |       |       |     2 |    11 |       ||    13
       Flame Wave        |       |       |     1 |    23 |    11 ||    35
       Stone Arrow       |       |       |       |   128 |   232 ||   360
       Frozen Ramparts   |       |       |       |    12 |     8 ||    20
       Freezing Cloud    |       |       |       |     1 |    95 ||    96
       Starburst         |       |       |       |       |     5 ||     5
Evoke: Wand              |       |       |       |     1 |       ||     1
  Use: Scroll            |       |     6 |     8 |    14 |     7 ||    35
       Potion            |       |     1 |     1 |     6 |       ||     8
Armor: Robe              |     6 |    10 |    64 |    25 |       ||   105
       Steam dragon scal |       |       |       |   164 |   244 ||   408
Dodge: Dodged            |    12 |    34 |    54 |   183 |   226 ||   509
Block: Buckler           |       |       |       |       |   126 ||   126
       Reflection        |       |       |       |       |     8 ||     8

Table legend: (Time is in decaauts)
 A = Elapsed time spent in this place.
 B = Non-inter-level travel time spent in this place.
 C = Inter-level travel time spent in this place.
 D = Time resting spent in this place.
 E = Time spent auto-exploring this place.
 F = Levels seen in this place.
 G = Mean time per level.
                   A        B        C        D        E       F      G
               +--------+--------+--------+--------+--------+-----+--------+
         Total |  29529 |  28631 |    898 |   3498 |  18504 |  24 | 1230.4 |
       Dungeon |  15055 |  14601 |    454 |   1338 |   9775 |  12 | 1254.6 |
        Temple |    427 |    402 |     25 |      0 |    396 |   1 |  427.0 |
          Lair |   9232 |   8815 |    417 |   1041 |   6475 |   6 | 1538.7 |
  Orcish Mines |   1568 |   1568 |      0 |    327 |    870 |   2 |  784.0 |
       Ossuary |    743 |    743 |      0 |      0 |    480 |   1 |  743.0 |
      Ice Cave |   1631 |   1631 |      0 |    514 |    484 |   1 | 1631.0 |
      Gauntlet |    870 |    870 |      0 |    278 |     23 |   1 |  870.0 |
               +--------+--------+--------+--------+--------+-----+--------+

Top non-repeatable levels by time:
  Lair:6: 2352 daAuts
  Lair:2: 1866 daAuts
   IceCv: 1631 daAuts
    D:11: 1559 daAuts
     D:4: 1511 daAuts
     D:8: 1503 daAuts
  Lair:5: 1384 daAuts
     D:2: 1355 daAuts
  Lair:1: 1347 daAuts
     D:6: 1312 daAuts
     D:1: 1305 daAuts
     D:5: 1302 daAuts
  Lair:3: 1301 daAuts
    D:12: 1182 daAuts
     D:7: 1130 daAuts
